 Dungeon Crawl Stone Soup version 0.21-a0-634-gaf8bc5d (webtiles) character file.

519 shenanigans the Skirmisher (level 7, -5/82 HPs)
             Began as a Barachi Skald on Dec 30, 2017.
             Was a Follower of Cheibriados.
             Killed by divine providence
             ... invoked by an orc priest
              (15 damage)
             ... on level 5 of the Dungeon.
             The game lasted 00:13:52 (5580 turns).

shenanigans the Skirmisher (Barachi Skald)          Turns: 5580, Time: 00:13:52

Health: -5/82      AC: 23    Str: 15    XL:     7   Next: 21%
Magic:  20/20      EV:  2    Int: 21    God:    Cheibriados [*.....]
Gold:   195        SH:  8    Dex: 14    Spells: 10/11 levels left

rFire    + . .     SeeInvis +   a - +0 hand axe
rCold    + . .     Gourm    +   r - +0 shield "Puiruqi" {Int+2} (curse)
rNeg     + + +     Faith    .   (armour currently unavailable)
rPois    +         Spirit   .   (helmet currently unavailable)
rElec    +         Reflect  .   (cloak currently unavailable)
rCorr    +         Harm     .   (gloves currently unavailable)
MR       .....     NoTele   +   (boots currently unavailable)
Stlth    +.........             g - amulet of the gourmand
HPRegen  0.23/turn              y - ring of magical power
MPRegen  0.17/turn              A - ring of see invisible

@: tree-form, resistant, very slow
A: +LOS, swims
a: Bend Time, Renounce Religion


You were on level 5 of the Dungeon.
You worshipped Cheibriados.
Cheibriados was aware of your devotion.
You were not hungry.
You were a tree.
You visited 1 branch of the dungeon, and saw 5 of its levels.

You collected 195 gold pieces.

Inventory:

Hand Weapons
 a - a +0 hand axe (weapon)
Missiles
 q - 2 tomahawks (quivered)
Armour
 r - the cursed +0 shield "Puiruqi" (worn) {Int+2}
   (You found it on level 4 of the Dungeon)

   It affects your intelligence (+2).
   It has a curse placed upon it.
 s - a +0 helmet (melded)
 t - a +0 chain mail (melded)
 w - a +0 cloak (melded)
 z - a +0 pair of gloves (melded)
Jewellery
 g - an amulet of the gourmand (around neck)
 y - a ring of magical power (left branch)
 A - a ring of see invisible (right branch)
Wands
 u - a wand of polymorph (17)
Scrolls
 i - a scroll of blinking {unknown}
 k - a scroll of enchant armour {unknown}
 l - 3 scrolls of remove curse {unknown}
 m - a scroll of fog {unknown}
 n - 2 scrolls of teleportation
 p - 2 scrolls of fear {unknown}
 v - 3 scrolls of noise {unknown}
Potions
 e - a potion of flight
 f - 2 potions of mutation
 h - 2 potions of magic
 j - 2 potions of cancellation
 x - 2 potions of haste
Books
 c - a book of Battle

   Spells                             Type                      Level
   a - Infusion                       Charms                       1
   b - Shroud of Golubria             Charms/Translocation         2
   c - Song of Slaying                Charms                       2
   d - Spectral Weapon                Hexes/Charms                 3
   e - Regeneration                   Charms/Necromancy            3
Comestibles
 d - 15 rations


   Skills:
 + Level 4.3 Fighting
 + Level 4.0 Axes
 + Level 3.8 Armour
 + Level 4.1 Dodging
 * Level 2.6 Shields
 + Level 2.8 Spellcasting
 - Level 3.2 Charms
 + Level 1.3 Invocations


You had 10 spell levels left.
You knew the following spells:

 Your Spells              Type           Power        Failure   Level  Hunger
a - Infusion              Chrm           ###.         17%         1    None


Dungeon Overview and Level Annotations

Branches:
Dungeon (5/15)
 Temple: D:4-7

Altars:
Cheibriados
Dithmenos
Kikubaaqudgha
Yredelemnul

Annotations:
D:3 Grinder; aubilenon's ghost, amateur HOFi
D:5 brevous's ghost, novice DDFi


Innate Abilities, Weirdness & Mutations

Shadows flee at your approach. (+LOS)
You can swim through water.
((You cover ground slowly.))
((You can hop short distances.))


Message History

The worker ant bites you but does no damage.
You block the orc priest's attack. You block the worker ant's attack.
Your shield prevents you from hitting the orc priest.
The orc priest is severely wounded.
You closely miss the worker ant. You block the orc priest's attack.
The worker ant bites you.
* * * LOW HITPOINT WARNING * * *
You hit the orc priest.
The orc priest is almost dead.
You hit the worker ant. You block the worker ant's attack.
You block the orc priest's attack.
You closely miss the orc priest.
The orc priest is almost dead.
You hit the worker ant.
The worker ant bites you but does no damage.
You block the orc priest's attack. The worker ant bites you.
* * * LOW HITPOINT WARNING * * *
The orc priest invokes the aid of Beogh against you.
Beogh smites you!
You die...

##############
#...'........#
#...#........#
#...#........#
#>..#...######
###############.###..##..##
...........#.##)###..##...#
...........'...a♣o........#
...........#..............#
.....(.....#...........[..#
#...
...........#.........##..##
#...
...........############..##
#...
#########.............#...#
#.[. #...<.........'...#
#?.. #.............#...#
#... #.............#...#
#...


You could see a worker ant and an orc priest.

Vanquished Creatures
  A howler monkey (D:4)
  A centaur zombie (D:3)
  A hound (D:4)
  2 orc wizards (D:5)
  Natasha (thrice) (D:3)
  Terence (D:2)
  2 worker ants (D:4)
  A hound skeleton (D:4)
  Robin (D:2)
  9 adders
  3 dart slugs
  A worm (D:3)
  6 leopard geckos
  4 orcs
  8 bats
  5 giant cockroaches
  20 goblins
  12 hobgoblins
  8 jackals (D:1)
  A kobold (D:3)
  A quokka (D:3)
  5 frilled lizards
  6 rats
102 creatures vanquished.

Notes
Turn   | Place    | Note
-------+----------+-------------------------------------------
     0 | D:1      | shenanigans the Barachi Skald began the quest for the Orb.
     0 | D:1      | Reached XP level 1. HP: 17/17 MP: 3/3
    51 | D:1      | Reached XP level 2. HP: 20/23 MP: 0/5
   392 | D:1      | Reached XP level 3. HP: 24/28 MP: 3/6
  1221 | D:2      | Noticed Robin
  1359 | D:1      | Reached XP level 4. HP: 22/35 MP: 2/7
  1592 | D:2      | Killed Robin
  1771 | D:2      | Noticed Terence
  2045 | D:2      | Killed Terence
  2213 | D:2      | Found a snail-covered altar of Cheibriados.
  2252 | D:2      | Reached XP level 5. HP: 37/41 MP: 8/8
  2334 | D:2      | Found an ancient bone altar of Kikubaaqudgha.
  2747 | D:2      | Became a worshipper of Cheibriados the Contemplative
  2774 | D:2      | Found a faded altar of an unknown god.
  2933 | D:3      | Noticed Natasha
  3029 | D:3      | Noticed aubilenon's ghost (amateur HOFi)
  3072 | D:4      | Got a slimy shield
  3078 | D:4      | Identified the cursed +0 shield "Puiruqi" {Int+2} (You found it on level 4 of the Dungeon)
  3209 | D:4      | Reached skill level 1 in Shields
  3213 | D:4      | Reached XP level 6. HP: 28/48 MP: 9/9
  3998 | D:4      | Found a basalt altar of Yredelemnul.
  4219 | D:3      | Found a shadowy altar of Dithmenos.
  4246 | D:3      | Reached skill level 1 in Invocations
  4540 | D:3      | Killed Natasha
  4540 | D:3      | Reached * piety under Cheibriados
  4681 | D:3      | Noticed Grinder
  4687 | D:3      | Noticed Natasha
  4692 | D:3      | Killed Natasha
  4816 | D:3      | Noticed Natasha
  4825 | D:3      | Killed Natasha
  4913 | D:3      | Reached XP level 7. HP: 54/54 MP: 11/11
  4960 | D:3      | Paralysed by Grinder for 2 turns
  5034 | D:5      | Entered Level 5 of the Dungeon
  5034 | D:5      | Noticed brevous's ghost (novice DDFi)
  5580 | D:5      | Killed from afar by an orc priest

Vault maps used:
D:1:      lightli_arrival_chessboard, hangedman_decor_points,
          minmay_pentomino_z4
D:2:      kennysheep_slug_shrine, lemuel_coloured_pillars_altar,
          chequers_ecumenical_altar_lobes, uniq_robin, uniq_terence
D:3:      lemuel_crystal_altar, serial_glass, glass_columns_a, glass_columns_a,
          glass_columns_c, glass_columns_b, glass_columns_c, glass_columns_b,
          glass_columns_a, glass_columns_a, uniq_natasha, uniq_grinder
D:4:      kennysheep_little_box
D:5:      old_standard_altar, led_xom_imps, first_ration, serial_shops, shop

Skill      XL: |  1  2  3  4  5  6  7 |
---------------+----------------------+-----
Fighting       | 3 4 |  4.3
Armour         | 2 3 |  3.8
Dodging        | 3 4 |  4.1
Axes           | 3 4 |  4.0
Shields        | 1 2 |  2.6
Invocations    | 1 |  1.3
Spellcasting   | |  2.8
Charms         | |  3.2

Action                   |  1- 3 |  4- 6 |  7- 9 || total
-------------------------+-------+-------+-------++-------
Melee: Hand axe          |   129 |   276 |    56 ||   461
Throw: Tomahawk          |       |    15 |     2 ||    17
 Cast: Infusion          |     6 |     4 |       ||    10
 Abil: Hop               |     2 |     2 |     2 ||     6
  Use: Scroll            |       |     7 |     1 ||     8
       Potion            |       |       |     2 ||     2
  Eat: Chunk             |     1 |    11 |     1 ||    13
       Ration            |       |     1 |       ||     1
Armor: Leather armour    |    46 |    15 |       ||    61
       Chain mail        |       |   142 |    46 ||   188
       Skin              |       |       |     2 ||     2
Dodge: Dodged            |   108 |   103 |    21 ||   232
Block: Shield            |       |    48 |    32 ||    80

Table legend:
 A = Spawn XP
 B = Non-spawn XP
 C = Spawn XP percentage of total XP
 D = Spawn monster count
 E = Non-spawn monster count
 F = Spawn count percentage of total count
 G = Total turns spent on level
                    A         B        C        D         E        F      G
               +---------+---------+-------+---------+---------+-------+---------
         Total |       0 |     742 |   0.0 |       0 |     102 |   0.0 |  5580
               +---------+---------+-------+---------+---------+-------+---------
           D:1 |       0 |      78 |   0.0 |       0 |      40 |   0.0 |  1759
           D:2 |       0 |     118 |   0.0 |       0 |      25 |   0.0 |  1106
           D:3 |       0 |     222 |   0.0 |       0 |      22 |   0.0 |   854
           D:4 |       0 |     245 |   0.0 |       0 |      11 |   0.0 |  1608
           D:5 |       0 |      79 |   0.0 |       0 |       4 |   0.0 |   253
               +---------+---------+-------+---------+---------+-------+---------
